 Dungeon Crawl Stone Soup version 0.24-a0-504-gcfb02b9d07 (webtiles) character file.

Game seed: 5481111360817958569

4 Inarius the Caller (level 1, 0/13 HPs)
             Began as a Demonspawn Summoner on July 17, 2019.
             Slain by a leopard gecko (3 damage)
             ... on level 1 of the Dungeon.
             The game lasted 00:00:30 (435 turns).

Inarius the Caller (Demonspawn Summoner)             Turns: 435, Time: 00:00:31

Health: 0/13       AC:  2    Str:  8    XL:     1   Next: 50%
Magic:  2/3        EV: 12    Int: 16    God:
Gold:   28         SH:  0    Dex: 13    Spells: 3/4 levels left

rFire    . . .     SeeInvis .   (no weapon)
rCold    . . .     Gourm    .   (no shield)
rNeg     . . .     Faith    .   a - +0 robe
rPois    .         Spirit   .   (no helmet)
rElec    .         Reflect  .   (no cloak)
rCorr    .         Harm     .   (no gloves)
MR       .....                  (no boots)
Stlth    ++........             (no amulet)
HPRegen  0.04/turn              (no ring)
MPRegen  0.08/turn              (no ring)

@: no status effects
A: no striking features
a: no special abilities


You were on level 1 of the Dungeon.
You were not hungry.

You visited 1 branch of the dungeon, and saw 1 of its levels.

You collected 28 gold pieces.

Inventory:

Armour
 a - a +0 robe (worn)
Scrolls
 b - a scroll of remove curse {unknown}
 d - a scroll of magic mapping {unknown}
 e - a scroll of identify {unknown}
 f - a scroll of amnesia {unknown}
Comestibles
 c - a ration


   Skills:
 + Level 1.7 Dodging
 - Level 1.7 Stealth
 + Level 2.0 Spellcasting
 * Level 4.2 Summonings


You had 3 spell levels left.
You knew the following spells:

 Your Spells              Type           Power        Failure   Level  Hunger
a - Summon Small Mammal   Summ           ###.         3%          1    #......

Your spell library contained the following spells:

 Spells                   Type           Power        Failure   Level  Hunger
 Call Imp                 Summ           ###.....     5%          2    ###....
 Call Canine Familiar     Summ           ###.....     11%         3    ###....
 Summon Guardian Golem    Hex/Summ       #.......     26%         3    ###....
 Summon Ice Beast         Ice/Summ       #.......     65%         4    #####..
 Summon Lightning Spire   Summ/Air       #.......     65%         4    #####..


Dungeon Overview and Level Annotations

Branches:
Dungeon (1/15)

Altars:


Message History

Your bat barely misses the leopard gecko.
The leopard gecko closely misses you.
You hit the leopard gecko but do no damage.
Your bat misses the leopard gecko. The leopard gecko closely misses you.
The leopard gecko bites you.
You closely miss the leopard gecko. The leopard gecko barely misses you.
Your bat barely misses the leopard gecko.
You closely miss the leopard gecko.
Your bat closely misses the leopard gecko.
The leopard gecko barely misses you.
You barely miss the leopard gecko. The leopard gecko bites you.
* * * LOW HITPOINT WARNING * * *
Your bat hits the leopard gecko but does no damage.
You are too injured to fight recklessly!
You are too injured to fight recklessly!
Your bat hits the leopard gecko but does no damage.
Casting: Summon Small Mammal (safe; 3% risk of failure)
Confirm with . or Enter, or press ? or * to list all spells.
The leopard gecko bites you.
You die...

#..# #.....# #..#
##...## #..# #...#
#..# #...# #..# ##.##
#..# #.# #..#
#.########.#
#.l###.#.#........#
##b@....#...##.#####
#r..##########.#
###...### ###.#
#.......######...#####
#..................##.
#.......##............
###...####.#######+###
#........# #.#
#######..# #####.###


You could see a leopard gecko, a friendly quokka and a friendly bat.

Vanquished Creatures
  A goblin (D:1)
  A ball python (D:1)
  A frilled lizard (D:1)
  A rat (D:1)
4 creatures vanquished.

Vanquished Creatures (collateral kills)
  A bat (D:1)
  A giant cockroach (D:1)
2 creatures vanquished.

Grand Total: 6 creatures vanquished

Notes
Turn   | Place    | Note
-------+----------+-------------------------------------------
     0 | D:1      | Inarius the Demonspawn Summoner began the quest for the
                  | Orb.
     0 | D:1      | Reached XP level 1. HP: 13/13 MP: 3/3
   435 | D:1      | Slain by a leopard gecko

Levels and vault maps discovered:
D:1:      dpeg_arrival_rhombus, layout_loops_ring, minmay_door_square

Action                   || total
-------------------------++-------
Melee: Unarmed           ||    31
 Cast: Summon Small Mamm ||     7
 Stab: Sleeping          ||     1
Armor: Robe              ||     6
Dodge: Dodged            ||    34

Table legend:
 A = Non-vault XP
 B = Vault XP
 C = Vault XP percentage of total XP
 D = Non-vault monster count
 E = Vault monster count
 F = Vault count percentage of total count
                 A         B        C        D         E       F
            +---------+---------+-------+---------+---------+-------
      Total |       6 |       0 |   0.0 |       6 |       0 |   0.0
            +---------+---------+-------+---------+---------+-------
        D:1 |       6 |       0 |   0.0 |       6 |       0 |   0.0
            +---------+---------+-------+---------+---------+-------
